 Dungeon Crawl Stone Soup version 0.31-a0-819-gf6de2f5ab6 (webtiles) character file.

Game seed: 4099123777422214835

1895 quinnr the Stinger (level 9, -3/42 (49) HPs)
             Began as a Tengu Venom Mage on Sept 24, 2023.
             Slain by a wight
             ... wielding a +4 spear of freezing
              (5 damage)
             ... on level 7 of the Dungeon.
             The game lasted 00:24:20 (7611 turns).

quinnr the Stinger (Tengu Venom Mage)               Turns: 7611, Time: 00:24:21

HP:   -3/42 (49)    AC:  4    Str:  8    XL:     9   Next: 15%
MP:   15/16         EV: 33    Int: 27    God:
Gold: 250           SH:  0    Dex: 14    Spells: 4/16 levels left

rFire   . . .        f - +4 spear
rCold   + . .        (no shield)
rNeg    . . .        g - +1 robe {rC+}
rPois   .            (helmet restricted)
rElec   .            h - +0 cloak
rCorr   +            (no gloves)
SInv    .            (boots unavailable)
Will    .....        (no amulet)
Stlth   ++           R - ring of resist corrosion
HPRegen 0.27/turn    I - +6 ring of intelligence
MPRegen 0.15/turn

%: acrobat
@: acrobatic, flying, heavily drained
A: beak, talons 3, evasive flight, acrobatic
a: no special abilities


You were on level 7 of the Dungeon.
You visited 2 branches of the dungeon, and saw 8 of its levels.

You collected 370 gold pieces.
You spent 120 gold pieces at shops.


Innate Abilities, Weirdness & Mutations

You have a beak for a mouth.
You have claws for feet.
Your magical flight helps you evade attacks. (EV +4)
You can magically evade attacks while moving or waiting.


   Skills:
 + Level 2.4 Fighting
 - Level 3.0 Armour
 + Level 5.6 Dodging
 + Level 3.2 Stealth
 - Level 4.0 Spellcasting
 - Level 3.0 Conjurations
 - Level 3.0 Transmutations
 - Level 3.0 Air Magic
 + Level 7.6 Poison Magic


You had 4 spell levels left.
You knew the following spells:

 Your Spells              Type           Power      Damage    Failure   Level
a - Passwall              Tmut/Erth      10%        N/A       6%          2
m - Mephitic Cloud        Conj/Pois/Air  29%        N/A       3%          3
o - Olgreb's Toxic Radia  Pois           46%        N/A       3%          4
p - Poisonous Vapours     Pois/Air       68%        N/A       1%          2
z - Sting                 Tmut/Pois      100%       1d8       1%          1

Your spell library contained the following spells:

 Spells                   Type           Power      Damage    Failure   Level
 Sandblast                Erth           10%        2d5       8%          1
 Summon Small Mammal      Summ           20%        N/A       8%          1
 Stone Arrow              Conj/Erth      26%        3d8       13%         3
 Call Canine Familiar     Summ           5%         N/A       24%         3
 Sigil of Binding         Hex            5%         N/A       24%         3
 Brom's Barrelling Bould  Conj/Erth      13%        2d4       38%         4
 Dimensional Bullseye     Hex/Tloc       2%         N/A       61%         4
 Leda's Liquefaction      Hex/Erth       2%         N/A       61%         4
 Haunt                    Necr/Summ      2%         N/A       100%        7
 Malign Gateway           Summ/Tloc      2%         N/A       100%        7

Inventory:

Hand Weapons
 d - a +0 dagger
 f - a +4 spear (weapon)
Armour
 a - a +0 robe
 g - a +1 robe of cold resistance (worn)
 h - a +0 cloak (worn)
 o - the +3 leather armour "Nev Baez" {Dex+3}
   (You found it on level 4 of the Dungeon)

   Dex+3:     It affects your dexterity (+3).
Jewellery
 n - an amulet of the acrobat
 C - a ring of ice
 I - a +6 ring of intelligence (right hand)
 R - a ring of resist corrosion (left hand)
Scrolls
 k - a scroll of vulnerability
 m - a scroll of amnesia
 p - 2 scrolls of teleportation {@r2}
 q - a scroll of poison
Potions
 b - 2 potions of magic
 c - a potion of heal wounds {@q2}
 e - a potion of brilliance
 i - a potion of curing {@q1}
 j - a potion of attraction
 l - a potion of haste {@q3}

Dungeon Overview and Level Annotations

Branches:
Dungeon (7/15)             Temple (1/1) D:6

Altars:
Ashenzari
Dithmenos
Elyvilon
Fedhas
Gozag
Hepliaklqana
Kikubaaqudgha
Makhleb
Nemelex Xobeh
Qazlal
Ru
Trog
Uskayaw
Wu Jian
Xom
Yredelemnul
Zin
The Shining One

Shops:
D:3 !   D:4 ?   D:6 !

Annotations:
D:6 !menukare and ice beast, Menkaure
D:7 exclusions: 2 wights and 1 more exclusion

..........░.░░.......#
..░.......░.░░.......#
.░░░.......8.░░.░.....
...░............░...>.
.........8...8.....░
..................░░░░
...........>..z.░....░░░
......░..............░.░░
.........8...8..@.......░
░.......................░
░..........8............░
░░.░.░....░........░░..░
░...>..................░░░
(......░░.........░░.....░
..░....░░..░......░.<....░
.░░.......░░░░.......░░..░
..░░ ...░ ░........ .░


You could see a wight.


Message History

Press: ? - help, Dir - move target, f/p - wight
Aim: a wight, wielding a +4 spear of freezing and wearing a +0 robe (almost destroyed, about 34% to evade your +4 spear)
You reach to attack!
You closely miss the wight.
The wight is almost destroyed.
The wight hits you from afar with a +4 spear of freezing!
* * * LOW HITPOINT WARNING * * *
You feel drained.
* * * LOW HITPOINT WARNING * * *
The wight closely misses you.
Unknown command.
Reach: f) +4 spear
Press: ? - help, Dir - move target, f/p - wight
Aim: a wight, wielding a +4 spear of freezing and wearing a +0 robe (almost destroyed, about 34% to evade your +4 spear)
You reach to attack!
You hit the wight but do no damage.
The wight is almost destroyed.
The wight hits you from afar with a +4 spear of freezing!
* * * LOW HITPOINT WARNING * * *
You feel drained.
* * * LOW HITPOINT WARNING * * *
The wight freezes you.
* * * LOW HITPOINT WARNING * * *
Unknown command.
Unknown command.
The wight attacks as it pursues you! The wight barely misses you.
Okay, then.
Okay, then.
The wight attacks as it pursues you! The wight completely misses you.
The wight attacks as it pursues you!
The wight hits you from afar with a +4 spear of freezing.
You die...

Skill      XL: |  1  2  3  4  5  6  7  8  9 |
---------------+----------------------------+-----
Fighting       | 1 2 |  2.4
Air Magic      | 1 2 3 |  3.0
Spellcasting   | 3 4 |  4.0
Poison Magic   | 4 5 7 |  7.6
Conjurations   | 1 2 3 |  3.0
Armour         | 1 2 3 |  3.0
Dodging        | 3 4 5 |  5.6
Transmutations | 3 |  3.0
Stealth        | 3 |  3.2

Action                     |  1- 3 |  4- 6 |  7- 9 || total
---------------------------+-------+-------+-------++-------
  Melee: Dagger            |    11 |       |       ||    11
         Peck              |     4 |     6 |    16 ||    26
         Kick              |     5 |     4 |    23 ||    32
         Spear             |    16 |    42 |    97 ||   155
         Punch             |       |       |     2 ||     2
   Cast: Sting             |    45 |    40 |    45 ||   130
         Poisonous Vapours |    12 |    36 |    50 ||    98
         Olgreb's Toxic Ra |       |       |     4 ||     4
         Passwall          |       |       |     3 ||     3
         Mephitic Cloud    |       |       |     2 ||     2
    Use: Scroll            |     2 |     6 |     5 ||    13
         Potion            |       |     1 |     4 ||     5
   Stab: Sleeping          |       |       |     2 ||     2
         Confused          |       |       |     3 ||     3
 Armour: Robe              |     8 |    15 |    68 ||    91
         Leather armour    |       |    15 |     2 ||    17
  Dodge: Dodged            |    15 |    40 |   134 ||   189

Levels and vault maps discovered:
D:1:      enne_arrival_octagon_isle, layout_basic, serial_bayou_lagoon_b
D:2:      mumra_celtic_spiral_tile, layout_basic
D:3:      layout_basic, mainiacjoe_overflow_tiny_flanked,
          mainiacjoe_overflow_concentric_impassable, serial_shops,
          nicolae_shop_window_shopping, uniq_natasha
D:4:      layout_rooms, serial_curves, eino_curves_02, eino_curves_01,
          serial_shops, shop
D:5:      cheibrodos_barr_body, layout_basic, okawaru_ov_weapons_minmay,
          nicolae_elyvilon_temple_path, hangedman_feature_mirror,
          minmay_misc_feat_tower
D:6:      layout_loops_ring, nicolae_hepliaklqana_monster_ancestors,
          minmay_temple_entry_waves, serial_shops, shop, uniq_menkaure
D:7:      layout_cave_pools, chequers_ossuary_entry_cave, grunt_ministairs_2,
          chequers_serial_rivers_micro_a, kennysheep_potato
Temple:   dshaligram_water_room_temple

Notes
Turn   | Place    | Note
-------+----------+-------------------------------------------
     0 | D:1      | quinnr the Tengu Venom Mage began the quest for the Orb.
     0 | D:1      | Reached XP level 1. HP: 10/10 MP: 4/4
   325 | D:1      | Reached XP level 2. HP: 16/16 MP: 4/6
   485 | D:1      | Learned a level 2 spell: Poisonous Vapours
   908 | D:1      | Reached skill level 1 in Fighting
  1159 | D:2      | Reached skill level 1 in Air Magic
  1211 | D:2      | Reached XP level 3. HP: 20/20 MP: 4/7
  1920 | D:2      | Reached skill level 2 in Air Magic
  1920 | D:2      | Reached XP level 4. HP: 25/25 MP: 3/9
  2774 | D:3      | Found Bistro's Distillery.
  2827 | D:3      | Found a basalt altar of Yredelemnul.
  3039 | D:3      | Found a glowing golden altar of the Shining One.
  3087 | D:3      | Reached skill level 3 in Spellcasting
  3194 | D:3      | Noticed Natasha
  3197 | D:3      | Killed Natasha
  3198 | D:3      | Reached skill level 4 in Poison Magic
  3216 | D:3      | Noticed Natasha
  3307 | D:3      | Killed Natasha
  3308 | D:3      | Reached XP level 5. HP: 25/29 MP: 1/10
  3430 | D:3      | Reached skill level 5 in Poison Magic
  3483 | D:3      | Learned a level 3 spell: Mephitic Cloud
  3488 | D:3      | Learned a level 4 spell: Olgreb's Toxic Radiance
  3583 | D:3      | Noticed Natasha
  3589 | D:3      | Killed Natasha
  3859 | D:4      | Identified the +3 leather armour "Nev Baez" {Dex+3}
  3960 | D:4      | Reached skill level 1 in Conjurations
  3981 | D:4      | Found Caink's Magic Scroll Shop.
  3990 | D:4      | Bought a scroll of identify for 24 gold pieces
  3990 | D:4      | Bought a scroll of teleportation for 36 gold pieces
  4020 | D:4      | Got an upside-down book
  4036 | D:4      | Reached XP level 6. HP: 34/34 MP: 4/11
  4673 | D:5      | Entered Level 5 of the Dungeon
  4716 | D:5      | Found a shadowy altar of Dithmenos.
  4716 | D:5      | Noticed a black bear
  4734 | D:5      | Reached skill level 1 in Armour
  4734 | D:5      | Reached skill level 3 in Dodging
  4969 | D:5      | Reached skill level 2 in Conjurations
  4991 | D:5      | Reached skill level 3 in Air Magic
  4991 | D:5      | Gained mutation: Your magical flight helps you evade
                  | attacks. (EV +4) [Tengu growth]
  4991 | D:5      | Reached XP level 7. HP: 38/38 MP: 10/13
  5185 | D:5      | Reached skill level 2 in Armour
  5414 | D:5      | Reached skill level 3 in Conjurations
  5625 | D:5      | Reached skill level 4 in Dodging
  5625 | D:5      | Reached skill level 4 in Spellcasting
  5734 | D:5      | Learned a level 2 spell: Passwall
  5815 | D:5      | Reached XP level 8. HP: 43/43 MP: 5/15
  5887 | D:5      | Found a white marble altar of Elyvilon.
  6018 | D:5      | Reached skill level 3 in Armour
  6018 | D:5      | Reached skill level 1 in Transmutations
  6123 | D:6      | Reached skill level 6 in Poison Magic
  6245 | D:6      | Found a hazy altar of Hepliaklqana.
  6340 | D:6      | Reached skill level 5 in Dodging
  6340 | D:6      | Reached skill level 2 in Transmutations
  6762 | D:6      | Found Licsitef's Distillery.
  6772 | D:6      | Bought a potion of heal wounds for 60 gold pieces
  6781 | D:6      | Noticed Menkaure
  6874 | D:5      | Found a shadowy altar of Dithmenos.
  6888 | D:5      | Reached skill level 3 in Transmutations
  6895 | D:5      | Reached skill level 7 in Poison Magic
  7464 | D:6      | Found a staircase to the Ecumenical Temple.
  7473 | Temple   | Entered the Ecumenical Temple
  7528 | D:7      | Reached XP level 9. HP: 41/48 MP: 8/16
  7531 | D:7      | Reached skill level 2 in Fighting
  7538 | D:6      | Reached skill level 3 in Stealth
  7608 | D:7      | HP: 2/42 [wight/+4 spear of freezing (3)]
  7611 | D:7      | Slain by a wight

Vanquished Creatures
  2 water moccasins (D:6)
  A black bear (D:5)
  An ogre (D:5)
  2 centaurs
  A kobold brigand (D:6)
  A bullfrog (D:7)
  3 scorpions
  4 killer bees (D:7)
  4 orc priests
  3 hounds
  A jelly (D:5)
  5 iguanas
  Natasha (thrice) (D:3)
  4 orc wizards
  A sleepcap (D:4)
  11 adders
  2 white imps (D:6)
  3 ufetubi
  4 worms
  2 dart slugs
  14 orcs
  4 ball pythons
  5 endoplasms
  2 giant cockroaches (D:4)
  8 goblins
  6 hobgoblins
  5 jackals
  2 quokkas
  4 bats
  3 frilled lizards
  8 kobolds
  3 rats (D:1)
  A spectral goblin (D:6)
123 creatures vanquished.

Vanquished Creatures (others)
  A sky beast (D:5)
1 creature vanquished.

Grand Total: 124 creatures vanquished

Table legend: (Time is in decaauts)
 A = Elapsed time spent in this place.
 B = Non-inter-level travel time spent in this place.
 C = Inter-level travel time spent in this place.
 D = Time resting spent in this place.
 E = Time spent auto-exploring this place.
 F = Levels seen in this place.
 G = Mean time per level.
                   A        B        C        D        E       F      G
               +--------+--------+--------+--------+--------+-----+--------+
         Total |   7621 |   7236 |    385 |    485 |   4947 |   8 |  952.6 |
       Dungeon |   7620 |   7236 |    384 |    485 |   4947 |   7 | 1088.6 |
        Temple |      1 |      0 |      1 |      0 |      0 |   1 |    1.0 |
               +--------+--------+--------+--------+--------+-----+--------+

Top non-repeatable levels by time:
     D:2: 1625 daAuts
     D:5: 1555 daAuts
     D:3: 1313 daAuts
     D:4: 1230 daAuts
     D:1: 993 daAuts
     D:6: 819 daAuts
     D:7: 83 daAuts
  Temple: 1 daAuts

Table legend:
 A = Non-vault XP
 B = Vault XP
 C = Vault XP percentage of total XP
 D = Non-vault monster count
 E = Vault monster count
 F = Vault count percentage of total count
                 A         B        C        D         E       F
            +---------+---------+-------+---------+---------+-------
      Total |    1763 |     945 |  34.9 |     107 |      17 |  13.7
            +---------+---------+-------+---------+---------+-------
        D:1 |      22 |       0 |   0.0 |      13 |       0 |   0.0
        D:2 |      73 |       0 |   0.0 |      23 |       0 |   0.0
        D:3 |     171 |      36 |  17.4 |      11 |       1 |   8.3
        D:4 |     162 |       0 |   0.0 |      22 |       0 |   0.0
        D:5 |     377 |     671 |  64.0 |      16 |      12 |  42.9
        D:6 |     614 |     145 |  19.1 |      17 |       3 |  15.0
        D:7 |     344 |      93 |  21.3 |       5 |       1 |  16.7
            +---------+---------+-------+---------+---------+-------

Levels and vault maps discovered:
D:1:      enne_arrival_octagon_isle, layout_basic, serial_bayou_lagoon_b
D:2:      mumra_celtic_spiral_tile, layout_basic
D:3:      layout_basic, mainiacjoe_overflow_tiny_flanked,
          mainiacjoe_overflow_concentric_impassable, serial_shops,
          nicolae_shop_window_shopping, uniq_natasha
D:4:      layout_rooms, serial_curves, eino_curves_02, eino_curves_01,
          serial_shops, shop
D:5:      cheibrodos_barr_body, layout_basic, okawaru_ov_weapons_minmay,
          nicolae_elyvilon_temple_path, hangedman_feature_mirror,
          minmay_misc_feat_tower
D:6:      layout_loops_ring, nicolae_hepliaklqana_monster_ancestors,
          minmay_temple_entry_waves, serial_shops, shop, uniq_menkaure
D:7:      layout_cave_pools, chequers_ossuary_entry_cave, grunt_ministairs_2,
          chequers_serial_rivers_micro_a, kennysheep_potato
Temple:   dshaligram_water_room_temple
